 Dungeon Crawl Stone Soup version 0.28-a0-1038-g9c4cb8273d (webtiles) character file.

Game seed: 144604235016679442

110 DarkBird the Insei (level 4, 0/35 HPs)
             Began as a Draconian Transmuter on Dec 7, 2021.
             Was a Follower of Makhleb.
             Slain by an orc (5 damage)
             ... on level 4 of the Dungeon on Dec 8, 2021.
             The game lasted 00:05:40 (1309 turns).

DarkBird the Insei (Draconian Transmuter)           Turns: 1309, Time: 00:05:41

Health: 0/35       AC:  5    Str: 12    XL:     4   Next: 61%
Magic:  4/8        EV: 12    Int: 14    God:    Makhleb [*.....]
Gold:   56         SH:  0    Dex: 13    Spells: 6/9 levels left

rFire   . . .      SeeInvis .     - Unarmed
rCold   . . .      Faith    .   (no shield)
rNeg    . . .      Spirit   .   (armour unavailable)
rPois   .          Reflect  .   (helmet currently unavailable)
rElec   .          Harm     .   (no cloak)
rCorr   .          Rampage  .   (no gloves)
Will    .....                   (boots currently unavailable)
Stlth   +.........              (no amulet)
HPRegen 0.11/turn               (no ring)
MPRegen 0.11/turn               (no ring)

@: appendages, wereblooded (expiring)
A: horns 2, talons 2, AC +5, unfitting armour, cold-blooded
a: End Transformation, Renounce Religion


You were on level 4 of the Dungeon.
You worshipped Makhleb.
Makhleb was aware of your devotion.
You had temporarily grown beastly horns and talons.
You visited 1 branch of the dungeon, and saw 3 of its levels.

You collected 56 gold pieces.

Inventory:

Scrolls
 b - 2 scrolls of teleportation {unknown}
 c - 3 scrolls of immolation {unknown}
Potions
 a - 2 potions of lignification {unknown}
 d - a potion of curing {unknown}


   Skills:
 + Level 1.1 Fighting
 + Level 2.5 Dodging
 + Level 0.2 Stealth
 + Level 3.7 Unarmed Combat
 + Level 3.0 Spellcasting
 + Level 2.6 Transmutations


You had 6 spell levels left.
You knew the following spells:

 Your Spells              Type           Power      Damage    Failure   Level
a - Beastly Appendage     Tmut           18%        N/A       7%          1
b - Wereblood             Tmut           9%         N/A       11%         2

Your spell library contained the following spells:

 Spells                   Type           Power      Damage    Failure   Level
 Blink                    Tloc           4%         N/A       32%         2
 Spider Form              Tmut/Pois      5%         N/A       36%         3
 Lesser Beckoning         Tloc           2%         N/A       54%         3
 Ice Form                 Ice/Tmut       5%         N/A       77%         4
 Manifold Assault         Tloc           2%         N/A       99%         5
 Dispersal                Tloc           1%         N/A       100%        6
 Disjunction              Tloc           1%         N/A       100%        8


Dungeon Overview and Level Annotations

Branches:
Dungeon (4/15)
 Temple: D:4-7

Altars:
Makhleb
Beogh


Innate Abilities, Weirdness & Mutations

You have temporarily grown beastly horns and talons.
Your plain brown scales are hard. (AC +5)
You cannot fit into any form of body armour.
You are cold-blooded and may be slowed by cold attacks.


Message History

The iguana moves out of view.
The orc shouts!
You hit the orc. Your headbutt misses the orc.
The orc is lightly wounded.
The orc hits you with a +0 mace.
You barely miss the orc. Your kick misses the orc. You headbutt the orc.
You feel a bit better.
You kill the orc!
Makhleb accepts your kill.
You howl as the wereblood boils in your veins!
The orc priest looks braver for a moment.
The orc hits you with a +0 flail!
Things that are here:
a +0 mace; an orc corpse You hit the orc priest.
Your kick misses the orc priest.
The orc priest is moderately wounded.
The orc closely misses you.
You hit the orc priest. You claw the orc priest.
The orc priest is severely wounded.
The orc priest barely misses you. The orc hits you with a +0 flail. x2
You hit the orc priest. You claw the orc priest.
You feel a bit better.
You kill the orc priest!
Makhleb accepts your kill.
You feel better. The orc hits you with a +0 flail. x2
Your Spellcasting skill increases to level 3!
You hit the orc. Your kick misses the orc.
Your tail-slap misses the orc.
The orc is moderately wounded.
The orc hits you with a +0 flail.
* * * LOW HITPOINT WARNING * * *
The orc hits you with a +0 flail.
* * * LOW HITPOINT WARNING * * *
Okay, then.
Casting: Beastly Appendage (safe; 7% risk of failure)
Press: ? - help, Q - select action, (/) - cycle Dir - look around, f - activate You extend your transformation's duration.
Your primal bloodlust is almost over.
The orc hits you with a +0 flail.
* * * LOW HITPOINT WARNING * * *
The orc hits you with a +0 flail.
You die...

##..# #.## ###.#
#...## .
#.....#..## #.#
...######..##...#.
. ##†.......
...#####.........
.....lo@.........
......o)...####..
..######..## .
#..# ..## ..# ...
#.


You could see an iguana and 2 orcs.

Vanquished Creatures
  A hound (D:4)
  An orc priest (D:4)
  A jelly (D:4)
  A dart slug (D:1)
  An orc (D:4)
  2 ball pythons
  2 endoplasms
  A giant cockroach (D:1)
  2 hobgoblins (D:1)
  A kobold (D:1)
  A quokka (D:1)
  6 bats
  A rat (D:1)
21 creatures vanquished.

Notes
Turn   | Place    | Note
-------+----------+-------------------------------------------
     0 | D:1      | DarkBird the Draconian Transmuter began the quest for the
                  | Orb.
     0 | D:1      | Reached XP level 1. HP: 16/16 MP: 3/3
   563 | D:1      | Reached XP level 2. HP: 23/23 MP: 3/5
   640 | D:1      | Found a faded altar of an unknown god.
   654 | D:1      | Prayed at the altar of an unknown god.
   654 | D:1      | Became a worshipper of Makhleb the Destroyer
   654 | D:1      | Reached * piety under Makhleb
   655 | D:1      | Upgraded the game from 0.28-a0-1033-g1a2f33fa85 to
                  | 0.28-a0-1038-g9c4cb8273d
   805 | D:1      | Learned a level 2 spell: Wereblood
  1100 | D:2      | You fall into a shaft and drop 2 floors!
  1174 | D:4      | Reached XP level 3. HP: 27/28 MP: 2/6
  1300 | D:4      | Reached XP level 4. HP: 35/35 MP: 4/8
  1309 | D:4      | Slain by an orc

Illustrated notes

Levels and vault maps discovered:
D:1:      amcnicky_arrival_single_pillar, layout_loops_cross,
          hellmonk_ecumenical_altar_defaced_shrine
D:2:      layout_loops_ring, fountainhead
D:4:      layout_layer_cave, minmay_temple_entry_mist

Skill      XL: |  1  2  3  4 |
---------------+-------------+-----
Dodging        | 2 |  2.5
Spellcasting   | 3 |  3.0
Fighting       | |  1.1
Stealth        | |  0.2
Unarmed Combat | |  3.7
Transmutations | |  2.6

Action                   |  1- 3 |  4- 6 || total
-------------------------+-------+-------++-------
Melee: Unarmed           |    43 |     6 ||    49
       Kick              |     9 |     2 ||    11
       Headbutt          |     5 |     1 ||     6
       Tailslap          |     2 |       ||     2
       Punch             |     1 |       ||     1
 Cast: Beastly Appendage |    17 |     1 ||    18
       Wereblood         |     2 |       ||     2
  Use: Potion            |     2 |       ||     2
Armor: Skin              |    23 |       ||    23
Dodge: Dodged            |    47 |     3 ||    50

Table legend: (Time is in decaauts)
 A = Elapsed time spent in this place.
 B = Non-inter-level travel time spent in this place.
 C = Inter-level travel time spent in this place.
 D = Time resting spent in this place.
 E = Time spent auto-exploring this place.
 F = Levels seen in this place.
 G = Mean time per level.
                   A        B        C        D        E       F      G
               +--------+--------+--------+--------+--------+-----+--------+
         Total |   1319 |   1218 |    101 |    228 |    785 |   3 |  439.7 |
       Dungeon |   1319 |   1218 |    101 |    228 |    785 |   3 |  439.7 |
               +--------+--------+--------+--------+--------+-----+--------+

Top non-repeatable levels by time:
     D:1: 1105 daAuts
     D:4: 207 daAuts
     D:2: 6 daAuts
